 Dungeon Crawl Stone Soup version 0.23-a0-208-gb6b040f (webtiles) character file.

117 grindst0ne the Skirmisher (level 4, 0/37 HPs)
             Began as a Mummy Fighter on Sept 25, 2018.
             Slain by a gnoll
             ... wielding a +0 whip
              (7 damage)
             ... on level 2 of the Dungeon.
             The game lasted 00:02:43 (2162 turns).

grindst0ne the Skirmisher (Mummy Fighter)           Turns: 2162, Time: 00:02:44

Health: 0/37       AC:  6    Str: 20    XL:     4   Next: 71%
Magic:  4/4        EV:  7    Int:  7    God:
Gold:   76         SH:  9    Dex: 11    Spells: 3/3 levels left

rFire    x . .     SeeInvis .   a - +0 war axe
rCold    + . .     Gourm    .   c - +0 shield
rNeg     + + +     Faith    .   b - +0 scale mail
rPois    ∞         Spirit   .   (no helmet)
rElec    .         Reflect  .   (no cloak)
rCorr    .         Harm     .   (no gloves)
MR       .....                  (no boots)
Stlth    ..........             (no amulet)
HPRegen  0.12/turn              (no ring)
MPRegen  0.09/turn              (no ring)

@: no status effects
A: no food or potions, fire vulnerability, cold resistance 1, negative energy
resistance 3, torment resistance, unbreathing
a: no special abilities


You were on level 2 of the Dungeon.
You were not hungry.

You visited 1 branch of the dungeon, and saw 3 of its levels.

You collected 76 gold pieces.

Inventory:

Hand Weapons
 a - a +0 war axe (weapon)
Armour
 b - a +0 scale mail (worn)
 c - a +0 shield (worn)
 k - a +0 chain mail
Wands
 j - a wand of flame (20)
Scrolls
 d - 2 scrolls of remove curse {unknown}
 e - a scroll of immolation {unknown}
 f - a scroll of teleportation {unknown}
 g - a scroll of fog {unknown}
 h - 4 scrolls of identify {unknown}
 i - a scroll of random uselessness {unknown}


   Skills:
 + Level 4.0 Fighting
 + Level 2.7 Axes
 - Level 2.4 Armour
 + Level 3.2 Shields


You had 3 spell levels left.
You didn't know any spells.
Your spell library was empty.

Dungeon Overview and Level Annotations

Branches:
Dungeon (3/15)

Altars:
Nemelex Xobeh
Okawaru
Ru
Yredelemnul


Innate Abilities, Weirdness & Mutations

You do not eat or drink.
Your flesh is vulnerable to fire.
You are immune to poison.
Your flesh is cold resistant. (rC+)
You are immune to negative energy. (rN+++)
You are immune to unholy pain and torment.
You can survive without breathing.


Message History

A gnoll comes into view. It is wielding a halberd.
You barely miss the gnoll. You closely miss the gnoll.
The gnoll hits you with a club! The gnoll hits you with a whip.
You are too injured to fight recklessly!
You are too injured to fight recklessly!
The gnoll hits you with a whip!
* * * LOW HITPOINT WARNING * * *
There is a stone staircase leading up here.
You block the gnoll's attack. The gnoll hits you with a whip.
* * * LOW HITPOINT WARNING * * *
You climb upwards.
There is a stone staircase leading down here.
You block the gnoll's attack. The gnoll hits you but does no damage.
The gnoll hits you but does no damage.
You closely miss the gnoll. You block the gnoll's attack.
The gnoll hits you with a whip.
* * * LOW HITPOINT WARNING * * *
Your shield and scale mail prevent you from hitting the gnoll.
The gnoll hits you with a whip!
You die...

.#########....####....##.#.#.###.
.........'.......#....##.8.#.#.#.
#.......##....##.#....##.........
#..)....#####.##.#.#'###.........
#.......# #.......#.###.8.#.#.#.
'.[.....# #..##.#.#.#...###.###_
#.......# #..##g#g.)#.#.########
##.####.# #..##g##..#...#.# #.#
#.# #.####..##@##.>#.#.#.# #.#
#.# #.......##.#####...#.# #.#
#.# #######.##.# #####.# #.# #.#
#.##.# #.# #.# #.# #.##.# #.# #.#
#.# #.##.# #.# #.# #.#
#.##.#########.# #..
#.##########.##...........# ###
#............##############


You could see 2 gnolls.

Vanquished Creatures
  7 gnolls
  3 dart slugs (D:1)
  7 bats
  A giant cockroach (D:2)
  11 goblins
  3 hobgoblins
  6 kobolds
  A ball python (D:1)
  3 frilled lizards (D:1)
  2 rats (D:1)
44 creatures vanquished.

Notes
Turn   | Place    | Note
-------+----------+-------------------------------------------
     0 | D:1      | grindst0ne the Mummy Fighter began the quest for the Orb.
     0 | D:1      | Reached XP level 1. HP: 18/18 MP: 1/1
   109 | D:1      | Reached XP level 2. HP: 24/24 MP: 2/2
   472 | D:1      | Reached XP level 3. HP: 29/29 MP: 3/3
   840 | D:2      | HP: 1/29 [gnoll/halberd (9)]
  1291 | D:2      | Reached XP level 4. HP: 37/37 MP: 4/4
  1386 | D:2      | Found a sparkling altar of Nemelex Xobeh.
  1720 | D:2      | Found a sacrificial altar of Ru.
  1722 | D:2      | Found an iron altar of Okawaru.
  1798 | D:2      | Found a basalt altar of Yredelemnul.
  1992 | D:3      | Reached skill level 4 in Fighting
  2162 | D:2      | Slain by a gnoll

Vault maps used:
D:1:      saegor_arrival_simple_e
D:2:      marbit_many_paths, minitemple, nemelex_lonely_heart_becter

Skill      XL: |  1  2  3  4 |
---------------+-------------+-----
Axes           | 2 |  2.7
Shields        | 3 |  3.2
Fighting       | 4 |  4.0
Armour         | |  2.4

Action                   |  1- 3 |  4- 6 || total
-------------------------+-------+-------++-------
Melee: War axe           |    87 |    40 ||   127
Armor: Scale mail        |    24 |    12 ||    36
Dodge: Dodged            |    30 |    11 ||    41
Block: Shield            |    54 |    22 ||    76

Table legend:
 A = Non-vault XP
 B = Vault XP
 C = Vault XP percentage of total XP
 D = Non-vault monster count
 E = Vault monster count
 F = Vault count percentage of total count
                 A         B        C        D         E       F
            +---------+---------+-------+---------+---------+-------
      Total |     166 |       2 |   1.2 |      43 |       1 |   2.3
            +---------+---------+-------+---------+---------+-------
        D:1 |      58 |       0 |   0.0 |      24 |       0 |   0.0
        D:2 |      64 |       2 |   3.0 |      15 |       1 |   6.2
        D:3 |      44 |       0 |   0.0 |       4 |       0 |   0.0
            +---------+---------+-------+---------+---------+-------
